 Dungeon Crawl Stone Soup version 0.16-a0-2010-g98bc240 (webtiles) character file.

646 Kraw the Ruffian (level 7, -2/59 HPs)
             Began as a Troll Venom Mage on Nov 9, 2014.
             Slain by braks' ghost (13 damage)
             ... on level 4 of the Dungeon.
             The game lasted 00:18:21 (3288 turns).

Kraw the Ruffian (Troll Venom Mage)                 Turns: 3288, Time: 00:18:22

Health: -2/59      AC:  6    Str: 17    XL:     7   Next: 27%
Magic:  5/5        EV:  9    Int: 13    God:
Gold:   176        SH:  0    Dex: 10    Spells: 2 memorised, 4 levels left

rFire  . . .     SeeInvis .       - Unarmed
rCold  . . .     Clarity  .     a - +0 robe
rNeg   . . .     SustAb   .     (shield restricted)
rPois  .         Gourm    +     (helmet restricted)
rElec  .         Spirit   .     D - +0 cloak (curse)
rCorr  .         Warding  .     (gloves unavailable)
rMut   .         Stasis   .     (boots unavailable)
MR     .....                    (no amulet)
Stlth  +.........               (no ring)
                                (no ring)

@: not resistant to hostile enchantments, very unstealthy
A: unfitting armour, claws 3, fast metabolism 3, gourmand, regeneration 2,
shaggy fur 1, tough skin 2
a: no special abilities


You were on level 4 of the Dungeon.
You were completely stuffed.

You visited 1 branch of the dungeon, and saw 4 of its levels.

You collected 176 gold pieces.

Inventory:

Missiles
 l - 5 javelins (quivered)
 y - 15 poisoned needles
 F - 2 tomahawks
Armour
 a - a +0 robe (worn)
 u - a +0 fire dragon armour
 D - a cursed +0 cloak (worn)
Jewellery
 f - a cursed ring of loudness {unknown}
 h - a cursed ring of teleportation {unknown}
 m - a +2 ring of intelligence {unknown}
 p - an uncursed amulet of guardian spirit {unknown}
 t - an uncursed ring of ice {unknown}
 E - an uncursed amulet of the gourmand {unknown}
Scrolls
 d - 3 scrolls of fear {unknown}
 e - 6 scrolls of remove curse {unknown}
 g - a scroll of enchant armour {unknown}
 j - 3 scrolls of magic mapping {unknown}
 o - a scroll of random uselessness {unknown}
 s - a scroll of immolation {unknown}
 v - a scroll of blinking {unknown}
 w - a scroll of amnesia {unknown}
 x - 3 scrolls of identify {unknown}
 z - a scroll of noise {unknown}
 B - 2 scrolls of teleportation {unknown}
Potions
 i - 3 potions of curing
 k - a potion of restore abilities {unknown}
 n - a potion of lignification {unknown}
 q - a potion of might {unknown}
 C - a potion of invisibility {unknown}
 H - a potion of flight {unknown}
 I - a potion of heal wounds {unknown}
Books
 b - a Young Poisoner's Handbook

   Spells                             Type                      Level
   *Sting                             Conjuration/Poison           1
   Cure Poison                        Poison                       2
   *Mephitic Cloud                    Conjuration/Poison/Air       3
   Olgreb's Toxic Radiance            Poison                       4
   Venom Bolt                         Conjuration/Poison           5
Comestibles
 c - 4 meat rations
 r - a bread ration
 A - a beef jerky
 G - 4 chunks of flesh


   Skills:
 - Level 1.5 Dodging
 - Level 1.1 Stealth
 - Level 6.1 Unarmed Combat
 - Level 1.2 Spellcasting
 + Level 2.3 Conjurations
 + Level 2.0 Air Magic
 - Level 2.9 Poison Magic


You had 4 spell levels left.
You knew the following spells:

 Your Spells              Type           Power        Failure   Level  Hunger
a - Sting                 Conj/Pois      #...         12%         1    ##.....
b - Mephitic Cloud        Conj/Pois/Air  #.......     34%         3    ####...


Dungeon Overview and Level Annotations

Branches:
Dungeon (4/15)
 Temple: D:4-7

Altars:
Gozag
Kikubaaqudgha

Shops:
D:3 *

Annotations:
D:4 braks' ghost, average DrFi


Innate Abilities, Weirdness & Mutations

You are too large for most types of armour.
You have claws for hands.
Your metabolism is lightning-fast.
You like to eat raw meat.
You heal very quickly.
You are covered in fur (AC +1).
You have very tough skin (AC +2).


Message History

Braks' ghost is moderately damaged.
Braks' ghost hits you.
You claw braks' ghost!
Braks' ghost is heavily damaged.
Braks' ghost hits you but does no damage.
You claw braks' ghost!
Braks' ghost is severely damaged.
Braks' ghost hits you.
You barely miss braks' ghost.
Braks' ghost is severely damaged.
Braks' ghost hits you but does no damage.
You barely miss braks' ghost.
Braks' ghost is severely damaged.
Braks' ghost hits you!
You scratch braks' ghost.
Braks' ghost is severely damaged.
Braks' ghost hits you!
* * * LOW HITPOINT WARNING * * *
Braks' ghost hits you!
You die...

...... ..#..###.###.### #.....#
.............#......# #.....#
...... ###.....##########........
...........(.....................
)# .....................####. .#
.##.................# # .#
.......[............. .# #
........W............ .# .##
#....#...@..........
.###.###.#.##..........###.
......#.# #.......#####
........##........##
...................
....................
.............####...
............# ##... ############
.


You could see braks' ghost.

Vanquished Creatures
  A sky beast (D:3)
  An ogre (D:4)
  3 orc priests
  Crazy Yiuf (D:2)
  A hound (D:4)
  2 worker ants (D:4)
  2 orc wizards
  Ijyb (D:2)
  Jessica (D:2)
  7 adders
  A giant mite (D:2)
  An orc skeleton (D:3)
  4 giant geckos
  9 orcs
  8 bats
  3 giant cockroaches
  9 hobgoblins
  10 jackals
  A quokka (D:3)
  3 giant newts
  11 goblins
  8 kobolds
  19 rats
  A rat skeleton (D:4)
108 creatures vanquished.

Notes
Turn   | Place    | Note
--------------------------------------------------------------
     0 | D:1      | Kraw, the Troll Venom Mage, began the quest for the Orb.
     0 | D:1      | Reached XP level 1. HP: 16/16 MP: 2/2
    69 | D:1      | Reached skill level 1 in Unarmed Combat
   178 | D:1      | Reached XP level 2. HP: 24/24 MP: 1/2
   496 | D:1      | Reached XP level 3. HP: 31/31 MP: 0/3
   961 | D:2      | Noticed Ijyb
   967 | D:2      | Reached skill level 3 in Unarmed Combat
   981 | D:2      | Killed Ijyb
  1051 | D:2      | Reached XP level 4. HP: 30/39 MP: 0/4
  1091 | D:2      | Found an ancient bone altar of Kikubaaqudgha.
  1268 | D:2      | Reached skill level 4 in Unarmed Combat
  1288 | D:2      | Noticed Jessica
  1299 | D:2      | Killed Jessica
  1478 | D:2      | Noticed Crazy Yiuf
  1498 | D:2      | Killed Crazy Yiuf
  1498 | D:2      | Reached XP level 5. HP: 45/45 MP: 0/4
  1866 | D:3      | Reached skill level 5 in Unarmed Combat
  1908 | D:3      | Found an opulent altar of Gozag.
  1910 | D:3      | Found Gozag's Platinum Reserve.
  2000 | D:3      | Noticed a sky beast
  2017 | D:3      | Killed a sky beast
  2017 | D:3      | Reached skill level 6 in Unarmed Combat
  2017 | D:3      | Reached XP level 6. HP: 38/53 MP: 1/5
  2043 | D:3      | Learned a level 3 spell: Mephitic Cloud
  2768 | D:4      | Reached skill level 1 in Conjurations
  2794 | D:4      | Reached skill level 1 in Air Magic
  3053 | D:4      | Reached XP level 7. HP: 59/59 MP: 3/5
  3258 | D:4      | Noticed braks' ghost (average DrFi)
  3288 | D:4      | Slain by braks' ghost

Action                   |  1- 3 |  4- 6 |  7- 9 || total
-------------------------+-------+-------+-------++-------
Melee: Unarmed           |    85 |   175 |    37 ||   297
Throw: Javelin           |     6 |     7 |     3 ||    16
 Cast: Sting             |    21 |    40 |     5 ||    66
 Stab: Sleeping          |       |     1 |       ||     1
  Eat: Chunk             |    16 |    21 |     2 ||    39
